AoeStats
← edgewize

Arabian Desert

509456128Analyzed
1v1 RM · 5d ago on Sep 26, 2026· 59m 53s· 2 players
Game mode
Random Map
Map size
Tiny (2 player)
Population
200
Speed
Normal
Resources
Standard
Victory
Conquest
Starting age
Dark Age
Ending age
Imperial Age
RankedLock teamsTeams togetherTeam positionsShared explorationLock speedFull tech treeHidden civsTurbo modeCheats
Victory
Defeat
🇺🇸 Tatars · United States
613
+13
🇬🇧 Persians · United Kingdom
558
-13
richardholt1971
0:44 Loom
11:03 Feudal Age
12:31 Double-Bit Axe
12:40 Horse Collar
22:35 Castle Age
20:55 Scale Mail Armor
21:07 Padded Archer Armor
21:19 Fletching
21:19 Arson
22:06 Forging
22:46 Bloodlines
22:58 Stone Mining
23:19 Gold Mining
26:52 Wheelbarrow
28:00 Murder Holes
28:44 Husbandry
28:05 Light Cavalry
29:15 Pikeman
29:55 Squires
30:23 Scale Barding Armor
36:44 Imperial Age
34:22 Kamandaran
35:01 Iron Casting
36:42 Hand Cart
38:21 Town Watch
39:06 Bodkin Arrow
39:27 Leather Archer Armor
39:27 Chain Mail Armor
38:44 Crossbowman
39:39 Citadels
39:53 Conscription
41:22 Chemistry
41:04 Hussar
42:10 Man-at-Arms
42:10 Halberdier
45:05 Plate Mail Armor
44:48 Thumb Ring
48:11 Ring Archer Armor
50:22 Blast Furnace
49:42 Chain Barding Armor
49:40 Bow Saw
49:34 Heavy Plow
50:13 Gold Shaft Mining
50:13 Stone Shaft Mining
49:54 Masonry
50:05 Ballistics
51:41 Town Patrol
52:16 Crop Rotation
52:50 Two-Man Saw
52:35 Architecture
53:22 Plate Barding Armor
55:54 Hoardings
edgewize
6:44 Loom
12:53 Feudal Age
13:42 Horse Collar
17:39 Castle Age
19:05 Horse Collar
21:38 Double-Bit Axe
26:29 Heavy Plow
28:33 Wheelbarrow
32:34 Hand Cart
32:06 Pikeman
34:06 Forging
34:10 Gold Mining
35:54 Iron Casting
35:10 Fletching
38:42 Imperial Age
42:35 Chemistry
43:50 Heavy Camel Rider
45:49 Crop Rotation
49:17 Halberdier
55:17 Timurid Siegecraft
56:04 Heated Shot
Connection lost

Rejoining the realm…

Still unreachable

The connection could not be restored.

Session expired

The server has moved on; the page needs a fresh start.